cohdb
Replays
Latest Replays
All Replays
Popular Replays
Top Player Replays
Match Explorer
How It Works
Community
CoH3 Stats
Reddit
Sign in to upload your games and track your stats! →
Sign in with Steam
Match 43778795
Unlisted
Match 43778795
Overview
Messages
Build Orders
End
Royal Engineer Section
Construct Section Command Post
Dingo Light Scout Car
Infantry Section
ML 3-inch Mortar Team
Construct Platoon Command Post
Humber Armored Car
Infantry Section
6-pounder Anti-tank Gun Team
Vickers Machine Gun Team
6-pounder Anti-tank Gun Team
Grenade Package
Construct Company Command Post
Selects Heavy Armor Battlegroup
Selects Rigorous Vehicle Training
Selects Forward Repair Assembly
Selects UNKNOWN (2162094)
Selects Light Vehicle Withdraw and Refit
Selects Radio Net
Foot Guards Section
Churchill IV Heavy Tank
Churchill IV Heavy Tank
Selects Recon Artillery
Recon Artillery
Foot Guards Section
Recon Artillery
Churchill IV Heavy Tank
Mowgli01
Sauvage
[BBC] octo
LeMounky
gxxg TR
qrter
CommandantKitty
女友
0
0
Comments
sign in to comment!
No comments posted yet!